 Dungeon Sprint DCSS version 0.28-a0-851-g8b9cc49659 (webtiles) character file.

Game seed: 2274888808830728056

846 xpp the Unseen (level 8, -3/46 HPs)
             Began as an Octopode Conjurer on Nov 14, 2021.
             Was a High Priest of Dithmenos.
             Killed by the air
             ... invoked by a wind drake
              (15 damage)
             ... in the Dungeon (Sprint V: "Ziggurat Sprint").
             The game lasted 00:08:07 (273 turns).

xpp the Unseen (Octopode Conjurer)                   Turns: 273, Time: 00:08:08

Health: -3/46      AC:  1    Str: 20    XL:     8   Next: 0%
Magic:  11/11      EV: 15    Int: 32    God:    Dithmenos [*****.]
Gold:   0          SH:  9    Dex: 23    Spells: 10/11 levels left

rFire   + . .      SeeInvis .   B - +5 quick blade
rCold   + . .      Faith    +   D - +3 buckler
rNeg    . . .      Spirit   .   (helmet restricted)
rPois   +          Reflect  .   j - amulet of faith
rElec   +          Harm     .   q - ring of flight
rCorr   +          Rampage  .   r - +6 ring of dexterity
Will    .....      NoTele   +   s - +6 ring of dexterity Stlth ****++++++
                                t - +6 ring of intelligence
HPRegen 0.15/turn               u - +6 ring of intelligence
MPRegen 0.12/turn               v - +6 ring of strength
                                w - +6 ring of strength
                                G - ring of poison resistance

@: resistant, flying, hasted, wreathed by umbra, very quick
A: almost no armour, amphibious, 8 rings, camouflage 1, gelatinous body 1,
(nimble swimmer 1), tentacles
a: Renounce Religion, Shadow Step, Shadow Form


You were in the Dungeon.
You worshipped Dithmenos.
Dithmenos was extremely pleased with you.
You visited 1 branch

Inventory:

Hand Weapons
 B - a +5 quick blade (weapon)
 E - the +8 storm bow {elec, penet}
   (You found it in the Dungeon)

   Any ammunition fired from it occasionally discharges a powerful burst of
   electricity upon striking a foe.
   Any ammunition fired by it passes through the targets it hits, potentially
   hitting all targets in its path until it reaches maximum range.
Missiles
 C - 1000 arrows
Armour
 D - a +3 buckler (worn)
Jewellery
 j - an amulet of faith (around mantle)
 q - a ring of flight (left tentacle)
 r - a +6 ring of dexterity (right tentacle)
 s - a +6 ring of dexterity (on tentacle)
 t - a +6 ring of intelligence (on tentacle)
 u - a +6 ring of intelligence (on tentacle)
 v - a +6 ring of strength (on tentacle)
 w - a +6 ring of strength (on tentacle)
 F - an amulet of regeneration
 G - a ring of poison resistance (on tentacle)
Wands
 x - a wand of mindburst (7)
 y - a wand of iceblast (7)
 z - a wand of acid (7)
Scrolls
 f - 4 scrolls of blinking
 l - 4 scrolls of amnesia
 m - 6 scrolls of fog
 n - a scroll of holy word
 o - 5 scrolls of identify
 p - 2 scrolls of fear
Potions
 a - 10 potions of curing
 b - 7 potions of heal wounds
 c - 5 potions of haste
 d - 7 potions of magic
 e - 3 potions of berserk rage
 g - 2 potions of brilliance
 i - 3 potions of resistance
 k - 5 potions of might
Miscellaneous
 A - a lightning rod (4/4)


   Skills:
 - Level 8.0 Short Blades
 + Level 3.2 Dodging
 * Level 19.3 Stealth
 * Level 4.8 Shields
 - Level 2.0 Spellcasting
 - Level 4.0 Conjurations


You had 10 spell levels left.
You knew the following spells:

 Your Spells              Type           Power      Damage    Failure   Level
a - Magic Dart            Conj           100%       1d8       1%          1

Your spell library contained the following spells:

 Spells                   Type           Power      Damage    Failure   Level
 Searing Ray              Conj           56%        2d6       1%          2
 Dazzling Flash           Conj/Hex       32%        N/A       9%          3
 Fulminant Prism          Conj/Hex       8%         3d7       30%         4
 Iskenderun's Mystic Bla  Conj/Tloc      16%        2d5       30%         4


Dungeon Overview and Level Annotations

Branches:
Dungeon (1/1)

Altars:
Ashenzari
Cheibriados
Dithmenos
Elyvilon
Fedhas
Gozag
Hepliaklqana
Kikubaaqudgha
Makhleb
Nemelex Xobeh
Okawaru
Qazlal
Ru
Sif Muna
Trog
Uskayaw
Vehumet
Wu Jian
Xom
Yredelemnul
Zin
The Shining One
Beogh
Jiyva
Lugonu


Innate Abilities, Weirdness & Mutations

You cannot wear most types of armour.
You are amphibious.
You can wear up to eight rings at the same time.
Your skin changes colour to match your surroundings (Stealth+).
Your rubbery body absorbs attacks. (AC +1, EV +1)
((You are camouflaged near water. (Stealth+)))
You have tentacles for arms and can constrict up to eight enemies at once.


Message History

You block the arrow.
The centaur wields a +0 shortbow.
The centaur shoots an arrow.
The arrow hits you!
* * * LOW HITPOINT WARNING * * *
The cyclops shouts!
The centaur shouts!
You feel much better.
The centaur shoots an arrow.
The arrow misses you.
The centaur shoots an arrow.
You block the arrow.
You feel yourself speed up.
The centaur shoots an arrow.
The arrow hits you!
The centaur wields a +0 shortbow.
The centaur shoots an arrow.
The arrow barely misses you.
You feel much better.
The centaur shoots an arrow.
The arrow hits you!
The wind drake exhales a fierce blast of wind!
The centaur shoots an arrow.
You block the arrow.
Okay, then.
As you read the scroll of fog, it crumbles to dust.
The scroll dissolves into smoke.
You block the wind drake's attack.
The centaur unwields a +0 shortbow.
The centaur barely misses you. The centaur misses you.
You hit the centaur. You squeeze the centaur.
The centaur is heavily wounded.
The centaur shoots an arrow.
The arrow hits you!
You feel much better.
The centaur unwields a +0 shortbow.
You block the centaur's attack. The centaur closely misses you.
The centaur barely misses you. The centaur closely misses you.
You block the wind drake's attack.
The centaur shoots an arrow.
The arrow hits you!
The merfolk hits you from afar with a +3 trident!!
* * * LOW HITPOINT WARNING * * *
Unknown command.
Unknown command.
Unknown command.
Unknown command.
Unknown command.
You hit the centaur.
The centaur is severely wounded.
You puncture the centaur!
You kill the centaur!
Dithmenos accepts your kill. The wind drake flaps its wings at you.
The air twists around and strikes you!
You die...

▓▓▓▓▓▓▓▓▓▓▓▓▓▓▓▓▓▓▓
▓. ▓..|=)..▓
▓..|}:..▓ ▓......c▓
▓...m...▓ ▓..§§Cm§▓
.§ck§c§ ▓.▓§§@▓§▓
▓.§§§§§§▓ ▓▓▓▓▓▓▓▓▓


You could see a wind drake (repels missiles), a merfolk, a cyclops and 2
centaurs.

Vanquished Creatures
  A yak (D)
  A golden eye (D)
  2 water moccasins (D)
  A floating eye (D)
  A hell hound (D)
  A centaur (D)
  A crimson imp (D)
  2 jellies (D)
  An iguana (D)
  2 adders (D)
  A shadow imp (D)
  A white imp (D)
  A bat skeleton (D)
  An endoplasm (D)
  A jackal (D)
  A jackal zombie (D)
19 creatures vanquished.

Notes
Turn   | Place    | Note
-------+----------+-------------------------------------------
     0 | D        | xpp the Octopode Conjurer began the quest for the Orb.
     0 | D        | Reached XP level 1. HP: 11/11 MP: 3/3
     0 | D        | Found a shimmering blue altar of Sif Muna.
     0 | D        | Found a sacrificial altar of Ru.
     0 | D        | Found a bloodstained altar of Trog.
     0 | D        | Found a stormy altar of Qazlal.
     0 | D        | Found an iron altar of Okawaru.
     0 | D        | Found a sparkling altar of Nemelex Xobeh.
     0 | D        | Found a blossoming altar of Fedhas.
     0 | D        | Found the +6 Majin-Bo {vamp, MP+6 Int+6}
     0 | D        | Found the +9 heavy crossbow "Sniper" {vorpal, Acc+∞ SInv}
     0 | D        | Found the +10 dark maul {vorpal}
     0 | D        | Found the +15 Maxwell's patent armour {-Cast -Tele rElec
                  | Will+ rCorr}
     0 | D        | Found the +18 shield of the Gong {rElec rN+ Will+ EV-5}
     0 | D        | Found the +14 obsidian axe {vorpal, Mesm Drain Fly SInv}
     0 | D        | Found the +7 great mace "Firestarter" {inner flame, rF++}
     0 | D        | Found the +6 shillelagh "Devastator" {shatter}
     0 | D        | Found the +11 plutonium sword {Contam Stlth-}
     0 | D        | Found the +8 lance "Wyrmbane" {slay drac, rPois rF+ rC+
                  | AC+3}
     0 | D        | Found the +9 sword of Zonguldrok {reap}
     0 | D        | Found the +13 scythe of Curses {drain, Drain}
     0 | D        | Found the +5 sword of Power {vorpal}
     0 | D        | Found the +7 mace of Variability {chain chaos}
     0 | D        | Found the +7 Singing Sword {vorpal, sonic wave}
     0 | D        | Found the +8 storm bow {elec, penet}
     1 | D        | Banished a spatial maelstrom
     2 | D        | Found a transporter.
     2 | D        | Found an ancient bone altar of Kikubaaqudgha.
     2 | D        | Found a viscous altar of Jiyva.
     2 | D        | Found a corrupted altar of Lugonu.
     2 | D        | Found a hazy altar of Hepliaklqana.
     2 | D        | Found a burning altar of Makhleb.
     2 | D        | Found an opulent altar of Gozag.
    17 | D        | Banished a spatial maelstrom
    65 | D        | Became a worshipper of Dithmenos the Shadowed
    72 | D        | Reached skill level 9 in Stealth
    72 | D        | Reached XP level 2. HP: 17/17 MP: 5/5
    75 | D        | Entered arena 2.
    75 | D        | Noticed a hell hound
    75 | D        | Found a transporter.
    78 | D        | Killed a hell hound
    79 | D        | Reached skill level 10 in Stealth
    79 | D        | Reached XP level 3. HP: 21/21 MP: 6/6
    79 | D        | Reached XP level 4. HP: 27/27 MP: 7/7
    83 | D        | Entered arena 3.
    83 | D        | Noticed a yak
    83 | D        | Found a transporter.
    88 | D        | Killed a yak
    88 | D        | Reached * piety under Dithmenos
    89 | D        | Reached skill level 14 in Stealth
    89 | D        | Reached XP level 5. HP: 31/31 MP: 8/8
    89 | D        | Reached XP level 6. HP: 36/36 MP: 9/9
    90 | D        | Reached skill level 15 in Stealth
   100 | D        | Entered arena 4.
   100 | D        | Found the +4 Cigotuvi's embrace {rMiasma Drain rN+}
   100 | D        | Found a transporter.
   104 | D        | Reached ** piety under Dithmenos
   108 | D        | Reached *** piety under Dithmenos
   109 | D        | Reached skill level 1 in Shields
   112 | D        | Entered arena 5.
   112 | D        | Noticed a water moccasin
   112 | D        | Noticed a water moccasin
   112 | D        | Found a transporter.
   116 | D        | Killed a water moccasin
   117 | D        | Reached skill level 16 in Stealth
   117 | D        | Reached XP level 7. HP: 41/41 MP: 10/10
   119 | D        | Reached **** piety under Dithmenos
   120 | D        | Reached skill level 17 in Stealth
   124 | D        | Entered arena 6.
   124 | D        | Noticed a golden eye
   124 | D        | Found a transporter.
   131 | D        | Reached skill level 18 in Stealth
   147 | D        | Reached ***** piety under Dithmenos
   163 | D        | Killed a golden eye
   164 | D        | Reached skill level 19 in Stealth
   164 | D        | Reached XP level 8. HP: 33/46 MP: 9/11
   262 | D        | Entered arena 7.
   262 | D        | Noticed a wind drake
   262 | D        | Noticed a cyclops
   262 | D        | Noticed a merfolk
   273 | D        | Killed from afar by a wind drake

Illustrated notes

Levels and vault maps discovered:
D:        sprint_v [room_start, room_1, room_2, room_3, room_4, room_5, room_6,
          room_7, room_8, room_9, room_10, room_11, room_12, room_13, room_14,
          room_15, room_16, room_17, room_18, room_19, room_20, room_21,
          room_22, room_23, room_24, room_25, room_26, room_27]

Skill      XL: |  1  2  3  4  5  6  7 |
---------------+----------------------+-----
Short Blades   | 4 7 8 |  8.0
Stealth        | 9 10 14 16 19 | 19.3
Shields        | 2 4 |  4.8
Dodging        | 3 |  3.2
Spellcasting   | |  2.0
Conjurations   | |  4.0

Action                   |  1- 3 |  4- 6 |  7- 9 || total
-------------------------+-------+-------+-------++-------
Melee: Quick blade       |     1 |     9 |    15 ||    25
       Tentacles         |       |       |     3 ||     3
Invok: Shadow Step       |       |       |     1 ||     1
  Use: Potion            |     2 |     1 |     5 ||     8
       Scroll            |       |       |     1 ||     1
 Stab: Sleeping          |     1 |     9 |     6 ||    16
Armor: Skin              |       |       |     1 ||     1
Dodge: Dodged            |       |       |    14 ||    14
Block: Buckler           |       |       |     6 ||     6

Table legend: (Time is in decaauts)
 A = Elapsed time spent in this place.
 B = Non-inter-level travel time spent in this place.
 C = Inter-level travel time spent in this place.
 D = Time resting spent in this place.
 E = Time spent auto-exploring this place.
 F = Levels seen in this place.
 G = Mean time per level.
                   A        B        C        D        E       F      G
               +--------+--------+--------+--------+--------+-----+--------+
         Total |    251 |    251 |      0 |     83 |      5 |   1 |  251.0 |
       Dungeon |    251 |    251 |      0 |     83 |      5 |   1 |  251.0 |
               +--------+--------+--------+--------+--------+-----+--------+

Top non-repeatable levels by time:
       D: 251 daAuts
